[Event "45th FIDE Womens Olympiad 2024"]
[Site "Budapest"]
[Date "2024.09.11"]
[Round "1.12"]
[White "Anoud Eisa Bashkardi"]
[Black "Melia, Salome"]
[Result "0-1"]
[ECO "B31"]
[WhiteElo "1811"]
[BlackElo "2293"]
[Annotator "ChessBase"]
[PlyCount "84"]
[EventDate "2024.09.05"]
[EventType "team-tourn"]
[EventCountry "HUN"]
[SourceTitle "playchess.com"]
[Source "ChessBase"]
[SourceQuality "1"]
[WhiteTeam "United Arab Emirates"]
[BlackTeam "Georgia"]
[WhiteTeamCountry "UAE"]
[BlackTeamCountry "GEO"]
[TimeControl "40/5400+30:1800+30"]

1. e4 c5 2. Nf3 Nc6 3. Bb5 g6 4. O-O Bg7 5. Re1 e5 6. c3 Nge7 7. d3 O-O 8. Be3 d6 9. h3 h6 10. d4 exd4 11. cxd4 Qb6 12. dxc5 dxc5 13. Qe2 Nd4 14. Bxd4 cxd4 15. Na3 Be6 16. Bc4 d3 17. Qxd3 Rfd8 18. Qe3 Qxe3 19. Rxe3 Bxb2 20. Rb1 Bxa3 21. Bxe6 Bc5 22. Rc3 b6 23. Bb3 Nc6 24. Rd1 Rxd1+ 25. Bxd1 Rd8 26. Bb3 Kg7 27. Kf1 Nb4 28. Ne5 f6 29. Nc4 Re8 30. f3 Rd8 31. Ne3 Rd2 32. Nc4 Rf2+ 33. Ke1 Rxg2 34. f4 g5 35. a3 Nc6 36. e5 gxf4 37. e6 Rg3 38. Rxg3+ fxg3 39. Kf1 Nd4 40. Bd1 Nxe6 41. Kg2 Bf2 42. a4 Nf4+ 0-1

[Event "45th FIDE Womens Olympiad 2024"]
[Site "Budapest"]
[Date "2024.09.11"]
[Round "1.13"]
[White "Castillo Beitia, Ashley Alexandra"]
[Black "Socko, Monika"]
[Result "0-1"]
[ECO "E51"]
[WhiteElo "2071"]
[BlackElo "2422"]
[Annotator "TA"]
[PlyCount "68"]
[EventDate "2024.09.05"]
[EventType "team-tourn"]
[EventCountry "HUN"]
[SourceTitle "playchess.com"]
[Source "ChessBase"]
[SourceQuality "1"]
[WhiteTeam "Panama"]
[BlackTeam "Poland"]
[WhiteTeamCountry "PAN"]
[BlackTeamCountry "POL"]
[TimeControl "40/5400+30:1800+30"]

1. d4 Nf6 2. c4 e6 3. Nf3 b6 4. Nc3 Bb4 5. Bd2 Bb7 6. e3 O-O 7. Be2 d5 8. cxd5 exd5 9. O-O Bd6 10. Nb5 {[%emt 0:07:10] The position is equal.} Be7 11. Rc1 c5 12. dxc5 bxc5 13. b4 a6 $17 ({Not} 13... cxb4 14. Nc7 $16) 14. Na3 cxb4 15. Nc2 Nc6 16. Ncd4 {[%emt 0:01:50] [#]} (16. Rb1 $142) 16... Nxd4 $1 17. Nxd4 Ne4 18. Rb1 a5 19. a3 $1 Nxd2 20. Qxd2 g6 $36 {[%emt 0:00:23][%mdl 2048] Black has some pressure.} 21. Rfd1 Qd7 22. Qb2 Ba6 (22... bxa3 $2 23. Qxb7 Qxb7 24. Rxb7 $18) 23. axb4 axb4 24. Ra1 (24. Bxa6 $17 {was worth a try.} Rxa6 25. Nc2) 24... Bxe2 25. Nxe2 Rxa1 26. Qxa1 Rd8 27. Nf4 (27. g3 $17) 27... Qc6 $2 (27... b3 $19 {[%cal Od5d4] Hoping for ...d4!} 28. Qb2 Qb5) 28. Qd4 $11 Bf6 {[%emt 0:02:26] Prevents Nxd5} (28... f5 $15 {might be stronger.} 29. Nxd5 Kf7) 29. Nxd5 $2 Kg7 $19 (29... Bxd4 $2 {perishes.} 30. Ne7+ Kf8 31. Nxc6 $18) 30. Qd3 {[%emt 0:00:04] [#]} Qa4 $1 {[%emt 0:00:40] And now ...b3 would win.} 31. e4 $2 (31. Rb1 b3 32. Qxb3 (32. Rxb3 $2 {loses.} Rxd5 33. Qb1 Qd7 $19) 32... Qxb3 33. Rxb3 Rxd5 34. g3) 31... b3 {[%emt 0:03:08] White must now prevent ...b2.} 32. Qf3 Be5 {[%emt 0:02:02] ...b2 is the strong threat.} 33. Rb1 (33. Nc3 Rxd1+ 34. Nxd1) 33... b2 {[%emt 0:00:17] Strongly threatening ...Rc8.} 34. g3 Qc2 {[%emt 0:01:12] Weighted Error Value: White=0.50/Black=0.26 (precise) .  Loses game:     	White=1     	---        Mistake:       	White=6     	Black=2      Inaccurate:     	White=1     	Black=4      OK:         	White=6     	Black=7      Best:        	White=1     	Black=3      Strong:       	White=1     	Black=2} 0-1

[Event "45th FIDE Womens Olympiad 2024"]
[Site "Budapest"]
[Date "2024.09.11"]
[Round "1.13"]
[White "Lindiawati, Evi"]
[Black "Asha huang Limboo"]
[Result "1-0"]
[ECO "C03"]
[WhiteElo "1940"]
[BlackElo "1420"]
[Annotator "NA"]
[PlyCount "73"]
[EventDate "2024.09.05"]
[EventType "team-tourn"]
[EventCountry "HUN"]
[SourceTitle "playchess.com"]
[Source "ChessBase"]
[SourceQuality "1"]
[WhiteTeam "Indonesia"]
[BlackTeam "Bhutan"]
[WhiteTeamCountry "INA"]
[BlackTeamCountry "BTN"]
[TimeControl "40/5400+30:1800+30"]

1. e4 e6 2. d4 d5 3. Nd2 Bd7 4. Ngf3 Bc6 5. e5 Nd7 6. Bd3 f6 7. Nb3 Qe7 8. Bf4 g5 9. exf6 Ngxf6 10. Bxc7 Rg8 11. Qe2 Nb6 12. Bg3 g4 13. Ne5 Nc4 14. Nxc6 bxc6 15. Bxc4 dxc4 16. Qxc4 Qd7 17. O-O Ne4 18. Rfe1 Nxg3 19. Rxe6+ Kd8 20. hxg3 Rg6 21. Rae1 Kc7 22. Rxg6 hxg6 23. Qe6 Re8 24. Qxe8 Qxe8 25. Rxe8 Bd6 26. c4 Kd7 27. Rg8 Be7 28. Rxg6 a5 29. Nxa5 c5 30. dxc5 Bxc5 31. Rxg4 Bb4 32. Nb3 Kc6 33. Rg6+ Kd7 34. a4 Kc7 35. a5 Kb8 36. Rb6+ Ka7 37. Rxb4 1-0

[Event "45th FIDE Womens Olympiad 2024"]
[Site "Budapest"]
[Date "2024.09.11"]
[Round "1.14"]
[White "Maltsevskaya, Aleksandra"]
[Black "Chung Hurtado, Yaleika"]
[Result "1-0"]
[ECO "B12"]
[WhiteElo "2404"]
[BlackElo "1832"]
[Annotator "ChessBase"]
[PlyCount "65"]
[EventDate "2024.09.05"]
[EventType "team-tourn"]
[EventCountry "HUN"]
[SourceTitle "playchess.com"]
[Source "ChessBase"]
[SourceQuality "1"]
[WhiteTeam "Poland"]
[BlackTeam "Panama"]
[WhiteTeamCountry "POL"]
[BlackTeamCountry "PAN"]
[TimeControl "40/5400+30:1800+30"]

1. e4 c6 2. d4 d5 3. e5 c5 4. Nf3 Nc6 5. dxc5 Bg4 6. c3 Bxf3 7. Qxf3 Nxe5 8. Bb5+ Nc6 9. O-O e6 10. b4 Be7 11. Nd2 Bf6 12. Rd1 Qc7 13. Nf1 Nge7 14. Ng3 O-O 15. a3 a6 16. Bxc6 Nxc6 17. Nh5 Qe7 18. Bf4 Ne5 19. Qg3 Nc4 20. Bh6 g6 21. Nxf6+ Qxf6 22. Bxf8 Rxf8 23. Rd4 Rc8 24. Rad1 Nxa3 25. Qh3 Rc7 26. Rh4 Qg7 27. c4 Nc2 28. cxd5 exd5 29. Qd3 Qf6 30. g3 Qb2 31. Qxd5 Kg7 32. Qd2 Qb3 33. Qh6+ 1-0

[Event "45th FIDE Womens Olympiad 2024"]
[Site "Budapest"]
[Date "2024.09.11"]
[Round "1.15"]
[White "Yuliana, Evi"]
[Black "Yeshey lhaden"]
[Result "1-0"]
[ECO "D06"]
[WhiteElo "1912"]
[BlackElo "1514"]
[Annotator "NA RC"]
[PlyCount "45"]
[EventDate "2024.09.05"]
[EventType "team-tourn"]
[EventCountry "HUN"]
[SourceTitle "playchess.com"]
[Source "ChessBase"]
[SourceQuality "1"]
[WhiteTeam "Indonesia"]
[BlackTeam "Bhutan"]
[WhiteTeamCountry "INA"]
[BlackTeamCountry "BTN"]
[TimeControl "40/5400+30:1800+30"]

1. d4 d5 2. c4 Nf6 3. Nf3 Bf5 4. Nc3 e6 5. Qb3 b6 6. Bg5 Be7 7. Bxf6 Bxf6 8. cxd5 O-O 9. e4 Bg4 10. dxe6 Bxf3 11. exf7+ Kh8 12. gxf3 Qxd4 13. Rd1 Qe5 14. Bb5 a6 15. Be8 Qc5 16. Rd5 Qe7 17. Rd3 Qc5 18. Qd5 Qxd5 19. Nxd5 Bxb2 20. Nxc7 Ra7 21. Ne6 Rfxf7 22. Bxf7 Rxf7 23. Rd8+ 1-0

[Event "45th FIDE Womens Olympiad 2024"]
[Site "Budapest"]
[Date "2024.09.11"]
[Round "1.15"]
[White "Vasquez Jaen, Lourdes Lorena"]
[Black "Kiolbasa, Oliwia"]
[Result "0-1"]
[ECO "E17"]
[WhiteElo "1821"]
[BlackElo "2348"]
[Annotator "ChessBase"]
[PlyCount "58"]
[EventDate "2024.09.05"]
[EventType "team-tourn"]
[EventCountry "HUN"]
[SourceTitle "playchess.com"]
[Source "ChessBase"]
[SourceQuality "1"]
[WhiteTeam "Panama"]
[BlackTeam "Poland"]
[WhiteTeamCountry "PAN"]
[BlackTeamCountry "POL"]
[TimeControl "40/5400+30:1800+30"]

1. d4 Nf6 2. c4 e6 3. Nf3 b6 4. g3 Bb7 5. Bg2 Be7 6. d5 exd5 7. Nh4 c6 8. Nf5 O-O 9. cxd5 Nxd5 10. Bxd5 cxd5 11. Nxe7+ Qxe7 12. O-O d4 13. Qxd4 Qxe2 14. Qf4 Nc6 15. Nc3 Nd4 16. Rd1 Nf3+ 17. Kg2 Ng5+ 18. Rd5 Bxd5+ 19. Nxd5 Ne6 20. Ne7+ Kh8 21. Qh4 Rae8 22. Nf5 Qd3 23. Qg4 g6 24. Nh4 f5 25. Qb4 Qe4+ 26. Qxe4 fxe4 27. Bh6 Rf7 28. Kg1 g5 29. Ng2 Rf6 0-1

[Event "45th FIDE Womens Olympiad 2024"]
[Site "Budapest"]
[Date "2024.09.11"]
[Round "1.16"]
[White "Sliwicka, Alicja"]
[Black "Caicedo Rios, Layla Yasmira"]
[Result "1-0"]
[ECO "B90"]
[WhiteElo "2373"]
[BlackElo "1803"]
[Annotator "ChessBase"]
[PlyCount "63"]
[EventDate "2024.09.05"]
[EventType "team-tourn"]
[EventCountry "HUN"]
[SourceTitle "playchess.com"]
[Source "ChessBase"]
[SourceQuality "1"]
[WhiteTeam "Poland"]
[BlackTeam "Panama"]
[WhiteTeamCountry "POL"]
[BlackTeamCountry "PAN"]
[TimeControl "40/5400+30:1800+30"]

1. e4 c5 2. Nf3 d6 3. d4 cxd4 4. Nxd4 Nf6 5. Nc3 a6 6. Bd3 e5 7. Nde2 Be7 8. O-O O-O 9. Ng3 Nc6 10. Nd5 h6 11. Be3 Be6 12. c4 Rb8 13. Rc1 Re8 14. Qd2 Ng4 15. Bb6 Qd7 16. Nxe7+ Nxe7 17. h3 Nf6 18. Rfd1 Rbc8 19. Bf1 Rc6 20. Be3 Ng6 21. f3 Kh7 22. b3 Nh4 23. Qf2 g5 24. Rc2 Ng6 25. Rcd2 Nf4 26. c5 d5 27. exd5 N4xd5 28. Bc4 Rd8 29. Ne4 Kg6 30. Nxf6 Kxf6 31. h4 Rcc8 32. hxg5+ 1-0

[Event "45th FIDE Womens Olympiad 2024"]
[Site "Budapest"]
[Date "2024.09.11"]
[Round "1.17"]
[White "Song, Yuxin"]
[Black "February, Jesse Nikki"]
[Result "1-0"]
[ECO "C10"]
[WhiteElo "2373"]
[BlackElo "2013"]
[Annotator "ChessBase"]
[PlyCount "87"]
[EventDate "2024.09.05"]
[EventType "team-tourn"]
[EventCountry "HUN"]
[SourceTitle "playchess.com"]
[Source "ChessBase"]
[SourceQuality "1"]
[WhiteTeam "China"]
[BlackTeam "South Africa"]
[WhiteTeamCountry "CHN"]
[BlackTeamCountry "RSA"]
[TimeControl "40/5400+30:1800+30"]

1. e4 e6 2. d4 d5 3. Nd2 dxe4 4. Nxe4 Nd7 5. Nf3 Ngf6 6. Nxf6+ Nxf6 7. Ne5 Qd5 8. Be3 Bd6 9. Nd3 O-O 10. Be2 Qa5+ 11. c3 c6 12. h4 Nd5 13. Bd2 Qc7 14. Qc1 e5 15. dxe5 Bxe5 16. c4 Nf6 17. Nxe5 Qxe5 18. Bc3 Qf5 19. O-O Re8 20. Re1 Be6 21. b3 Rad8 22. Bf3 Rd3 23. Re5 Qg6 24. Be2 Ng4 25. Rg5 Rxc3 26. Qxc3 Qf6 27. Qxf6 Nxf6 28. Re5 Nd7 29. Re3 f5 30. Rd1 Kf7 31. g4 g6 32. gxf5 Bxf5 33. Rxe8 Kxe8 34. h5 Ke7 35. hxg6 hxg6 36. Bd3 Bg4 37. Re1+ Kf7 38. f3 Bh5 39. Kf2 Kf6 40. Re8 Ne5 41. Be2 c5 42. Rb8 b6 43. Rb7 g5 44. f4 1-0

[Event "45th FIDE Womens Olympiad 2024"]
[Site "Budapest"]
[Date "2024.09.11"]
[Round "1.18"]
[White "Badenhorst, Chloe"]
[Black "Guo, Qi"]
[Result "0-1"]
[ECO "C77"]
[WhiteElo "1981"]
[BlackElo "2367"]
[Annotator "ChessBase"]
[PlyCount "94"]
[EventDate "2024.09.05"]
[EventType "team-tourn"]
[EventCountry "HUN"]
[SourceTitle "playchess.com"]
[Source "ChessBase"]
[SourceQuality "1"]
[WhiteTeam "South Africa"]
[BlackTeam "China"]
[WhiteTeamCountry "RSA"]
[BlackTeamCountry "CHN"]
[TimeControl "40/5400+30:1800+30"]

1. e4 e5 2. Nf3 Nc6 3. Bb5 Nf6 4. Qe2 a6 5. Ba4 Be7 6. c3 b5 7. Bb3 d6 8. d4 Bg4 9. Be3 Na5 10. Bc2 Nc4 11. b3 Nxe3 12. Qxe3 Nd7 13. Nbd2 c6 14. h3 Bh5 15. O-O O-O 16. Rfe1 Qb6 17. Rad1 Rad8 18. Nf1 Rfe8 19. Ng3 exd4 20. cxd4 Bg6 21. Bb1 c5 22. Qf4 cxd4 23. Nxd4 Bf6 24. Ndf5 Be5 25. Qf3 Nf6 26. Qe3 Qxe3 27. Rxe3 d5 28. exd5 Nxd5 29. Ree1 Kf8 30. Rc1 Nc3 31. f4 Bxf4 32. Rxe8+ Kxe8 33. Rxc3 Rd1+ 34. Kf2 Rxb1 35. Nxg7+ Kd7 36. N7f5 Rb2+ 37. Kf3 Bxg3 38. Nxg3 Rxa2 39. h4 Rb2 40. Re3 Bc2 41. Kf4 Rxb3 42. Re2 Bb1 43. Nh5 a5 44. Kg5 a4 45. Rf2 Ke7 46. Re2+ Kd6 47. Rf2 a3 0-1

[Event "45th FIDE Womens Olympiad 2024"]
[Site "Budapest"]
[Date "2024.09.11"]
[Round "1.18"]
[White "Azhar, Puteri Rifqah Fahada"]
[Black "Lazzarini, Giulia"]
[Result "1-0"]
[ECO "D02"]
[WhiteElo "1947"]
[BlackElo "1520"]
[Annotator "NA RC"]
[PlyCount "23"]
[EventDate "2024.09.05"]
[EventType "team-tourn"]
[EventCountry "HUN"]
[SourceTitle "playchess.com"]
[Source "ChessBase"]
[SourceQuality "1"]
[WhiteTeam "Malaysia"]
[BlackTeam "San Marino"]
[WhiteTeamCountry "MAS"]
[BlackTeamCountry "SMR"]
[TimeControl "40/5400+30:1800+30"]

1. d4 d5 2. Nf3 Bf5 3. Bf4 Nf6 4. e3 g6 5. c4 c6 6. Qb3 b6 7. Nc3 e6 8. h3 h5 9. Rc1 c5 10. Nb5 Na6 11. Qa4 Qd7 12. Ne5 1-0

[Event "45th FIDE Womens Olympiad 2024"]
[Site "Budapest"]
[Date "2024.09.11"]
[Round "1.19"]
[White "Ni, Shiqun"]
[Black "Klaasen, Robyn Julian"]
[Result "1-0"]
[ECO "B38"]
[WhiteElo "2348"]
[BlackElo "1764"]
[Annotator "ChessBase"]
[PlyCount "97"]
[EventDate "2024.09.05"]
[EventType "team-tourn"]
[EventCountry "HUN"]
[SourceTitle "playchess.com"]
[Source "ChessBase"]
[SourceQuality "1"]
[WhiteTeam "China"]
[BlackTeam "South Africa"]
[WhiteTeamCountry "CHN"]
[BlackTeamCountry "RSA"]
[TimeControl "40/5400+30:1800+30"]

1. e4 c5 2. Nf3 g6 3. c4 Nc6 4. d4 cxd4 5. Nxd4 Bg7 6. Be3 Nf6 7. Nc3 d6 8. Be2 O-O 9. O-O Bd7 10. Re1 Nxd4 11. Bxd4 Bc6 12. Qc2 a5 13. b3 Nd7 14. Bxg7 Kxg7 15. Rad1 Qb6 16. Qb2 Kg8 17. Nd5 Bxd5 18. exd5 Ne5 19. Bf1 Rac8 20. Rd4 Rce8 21. Re3 f5 22. h4 Ng4 23. Re1 Qc5 24. a3 Nf6 25. Bd3 b6 26. b4 Qc7 27. Bc2 axb4 28. axb4 Ra8 29. Qc3 Rfc8 30. Qe3 Re8 31. Bb3 Kg7 32. Rd3 Ra3 33. Qd4 Kg8 34. Qb2 Qa7 35. Rde3 Kf7 36. Re6 Ne4 37. f3 b5+ 38. c5 dxc5 39. fxe4 c4+ 40. Kh1 Rxb3 41. Qe5 Re3 42. Ra1 Qb7 43. Qf4 Rxe4 44. Rxe4 Qxd5 45. Re5 Qd6 46. Rae1 Qxb4 47. Qh6 Kg8 48. h5 Qd6 49. Re6 1-0

[Event "45th FIDE Womens Olympiad 2024"]
[Site "Budapest"]
[Date "2024.09.11"]
[Round "1.20"]
[White "Nel, Hayley"]
[Black "Lu, Miaoyi"]
[Result "0-1"]
[ECO "E81"]
[WhiteElo "1753"]
[BlackElo "2438"]
[Annotator "TA"]
[PlyCount "64"]
[EventDate "2024.09.05"]
[EventType "team-tourn"]
[EventCountry "HUN"]
[SourceTitle "playchess.com"]
[Source "ChessBase"]
[SourceQuality "1"]
[WhiteTeam "South Africa"]
[BlackTeam "China"]
[WhiteTeamCountry "RSA"]
[BlackTeamCountry "CHN"]
[TimeControl "40/5400+30:1800+30"]

1. c4 Nf6 2. Nc3 g6 3. d4 Bg7 4. e4 d6 5. f3 O-O 6. Be3 c5 7. dxc5 dxc5 8. Qxd8 Rxd8 9. Bxc5 Nc6 10. a3 (10. Nd5 $11) 10... Nd7 $15 11. Be3 Bxc3+ 12. bxc3 {[%emt 0:00:06] The position is equal.} Nde5 13. f4 (13. c5 $11) 13... Nd3+ $17 14. Bxd3 Rxd3 15. Bd2 {[%emt 0:00:26] Black continues to play with concentration.} (15. Kf2 $15) 15... Be6 16. Nf3 Bxc4 {[%emt 0:00:44] Black is much more active.} 17. Rb1 (17. O-O $142) 17... Ba6 18. Kf2 Na5 19. a4 Nc4 20. Be1 Rad8 21. h4 b6 22. Rb4 Ne3 23. Rd4 {[%emt 0:11:34] White is weak on the light squares} (23. h5 $17 {is a better defense.}) 23... R8xd4 24. cxd4 Ng4+ 25. Kg3 Nf6 $36 {[%emt 0:00:01][%mdl 2048] Black has strong initiative.} 26. e5 Nh5+ (26... Ne4+ 27. Kh2) 27. Kf2 Nxf4 28. a5 (28. Bd2 {was worth a try.} Nxg2 29. Bh6 (29. Kxg2 $2 Bb7 $19)) 28... Bb7 $19 {[%emt 0:02:34][%cal Of4g2] ...Nxg2! would now be deadly.} 29. axb6 $2 {[%emt 0:00:58] [#]} (29. Rf1 {was necessary.}) 29... Nxg2 $1 {[%emt 0:02:39][%mdl 512] Black is clearly winning.} 30. Kxg2 (30. d5 $142 Bxd5 31. Nh2) (30. Rf1 Nf4) 30... Bxf3+ (30... Rxf3 $2 31. Rf1 Rf4+ 32. Kg1 Rg4+ (32... Rxd4 33. bxa7 Rg4+ 34. Kh2 $15) 33. Kf2 axb6 34. Bb4 Rxh4 (34... Rxd4 $2 35. Bxe7 Rf4+ 36. Kg1 $19) 35. Rc1 $19) 31. Kh2 Bxh1 ({Less strong is} 31... Rxd4 32. Rf1 $17) 32. Kxh1 Rd1 {[%emt 0:00:04] Weighted Error Value: White=0.77/Black=0.07 (flawless) .  Mistake:       	White=7     	---        Inaccurate:     	---       	Black=1      OK:         	White=5     	Black=8      Best:        	White=1     	Black=1      Brilliant:      	---       	Black=1} 0-1

[Event "45th FIDE Womens Olympiad 2024"]
[Site "Budapest"]
[Date "2024.09.11"]
[Round "1.21"]
[White "Samaganova, Aleksandra"]
[Black "Ushenina, Anna"]
[Result "1/2-1/2"]
[ECO "D45"]
[WhiteElo "1948"]
[BlackElo "2417"]
[Annotator "TA"]
[PlyCount "107"]
[EventDate "2024.09.05"]
[EventType "team-tourn"]
[EventCountry "HUN"]
[SourceTitle "playchess.com"]
[Source "ChessBase"]
[SourceQuality "1"]
[WhiteTeam "Kyrgyzstan"]
[BlackTeam "Ukraine"]
[WhiteTeamCountry "KGZ"]
[BlackTeamCountry "UKR"]
[TimeControl "40/5400+30:1800+30"]

1. c4 c6 2. Nf3 d5 3. e3 Nf6 4. Nc3 e6 5. b3 Bd6 6. Bb2 O-O 7. Be2 b6 8. O-O Bb7 9. d4 Nbd7 10. Rc1 Qe7 11. Qc2 h6 12. e4 Nxe4 13. Nxe4 dxe4 14. Qxe4 Nf6 15. Qh4 c5 16. Ne5 Rad8 17. Rcd1 cxd4 18. Bxd4 Qc7 19. Ng4 Nxg4 20. Bxg4 Rd7 21. Be2 Rfd8 22. Be3 f5 23. Qh5 (23. h3 {feels hotter.} Be4 24. Kh1 Kh7 25. Bg5) 23... Be4 (23... Kh7 $15) 24. f3 {[%emt 0:02:26] [#]} (24. g3 $11) 24... Bc6 (24... Bc2 $1 $17 25. Rc1 Bc5 26. Rxc2 Bxe3+ 27. Kh1 Kh7) 25. Kh1 Kh7 {[%emt 0:00:22] Inhibits Qg6+.} 26. Qh4 $1 {[%emt 0:00:54] Prevents Bf4} Be5 27. Bc1 Rxd1 28. Bxd1 {[%emt 0:00:25] White is weak on the dark squares} Bf6 29. Qf2 e5 30. Bc2 g6 31. h3 Qe7 32. Qe2 Re8 33. Bb2 e4 34. Bxf6 Qxf6 35. fxe4 Qe5 36. Qd2 Bxe4 37. Rd1 Re7 38. Qf2 Qc3 39. Bxe4 {[%emt 0:00:29] The position is equal.} fxe4 $11 {[%emt 0:00:18][%mdl 4096] Endgame. KQR-KQR} 40. Qf8 Qe5 41. Rd5 Qg7 42. Qxg7+ Kxg7 {[%emt 0:00:01] KR-KR} 43. Kg1 e3 {[%emt 0:00:11] [#] ( -> ...e2)} 44. Kf1 Rf7+ $1 45. Ke2 Rf2+ $1 46. Kxe3 Rxa2 47. Kf3 Rb2 48. Rd3 Kf6 49. h4 Ke5 50. Rd5+ Ke6 51. Rd3 Ke5 52. Rd5+ Ke6 53. Rd3 Ke5 54. Rd5+ {[%emt 0:00:06] Weighted Error Value: White=0.13 (very precise) /Black=0.09 (flawless) .  Mistake:       	White=1     	Black=2      Inaccurate:     	White=4     	Black=4      OK:         	White=13    	Black=16     Best:        	White=1     	Black=1      Strong:       	White=1     	Black=2} 1/2-1/2

[Event "45th FIDE Womens Olympiad 2024"]
[Site "Budapest"]
[Date "2024.09.11"]
[Round "1.22"]
[White "Buksa, Nataliya"]
[Black "Zhanybekova, Begimay"]
[Result "1-0"]
[ECO "B49"]
[WhiteElo "2387"]
[BlackElo "1784"]
[Annotator "TA"]
[PlyCount "129"]
[EventDate "2024.09.05"]
[EventType "team-tourn"]
[EventCountry "HUN"]
[SourceTitle "playchess.com"]
[Source "ChessBase"]
[SourceQuality "1"]
[WhiteTeam "Ukraine"]
[BlackTeam "Kyrgyzstan"]
[WhiteTeamCountry "UKR"]
[BlackTeamCountry "KGZ"]
[TimeControl "40/5400+30:1800+30"]

1. e4 c5 2. Nf3 e6 3. d4 cxd4 4. Nxd4 Nc6 5. Nc3 Qc7 6. Be2 a6 7. Be3 Nf6 8. O-O Bb4 9. Na4 Be7 10. Nxc6 bxc6 11. Nb6 Rb8 12. Nxc8 Qxc8 13. Bd4 c5 14. Be5 Rb6 15. Bf3 O-O 16. a4 d6 17. a5 {[%emt 0:03:26] White has an edge.} Rb8 18. Bc3 Nd7 ({Black should try} 18... Rd8 $11) 19. Be2 $14 Nf6 20. Qd3 Rd8 21. Rfe1 (21. Qxa6 Qxa6 22. Bxa6 Nxe4 $11) ({White should play} 21. e5 $16 Nd5 22. Qxa6) 21... Ra8 $11 22. Qg3 Rd7 23. Rad1 Qd8 24. Bc4 Bf8 25. Qf3 Ne8 {[%emt 0:00:30] Black is weak on the light squares} 26. Qh3 Nc7 27. f4 {[%emt 0:00:44] White has more active pieces.} Nb5 28. Bd2 d5 29. exd5 exd5 30. Bd3 g6 31. f5 Bg7 (31... Re7 $1 $11) 32. Rf1 c4 33. fxg6 (33. Be2 $1 $16) 33... hxg6 34. Bg5 Qxg5 35. Qxd7 Rf8 (35... cxd3 $2 36. Qxf7+ Kh8 37. Rxd3 $18) 36. Bxg6 Qxg6 37. Qxd5 (37. Rxd5 $11 {and White stays safe.} Qxc2 38. Qg4) 37... Qxc2 $2 (37... Bxb2 38. Qxc4 Qe6 39. Qxe6 fxe6 40. Rxf8+ Kxf8 41. c4 $15) (37... c3 $19 38. b4 (38. bxc3 $2 Nxc3 39. Qc4 Nxd1 $19) 38... Qxc2) 38. Rf2 Qb3 39. Kh1 Nc7 (39... Bxb2 $6 40. Rb1 Qd3 41. Qxd3 cxd3 42. Rfxb2 $16 (42. Rbxb2 Rd8 $16)) 40. Qd7 Ne6 {[%emt 0:02:25][%cal Oe6c5] ...Nc5! would now be deadly.} (40... Bxb2 $2 41. Rb1 Qe3 42. Rfxb2 $18) 41. Rdf1 Qd3 (41... Bxb2 $6 42. Rxf7 $16) 42. Qb7 Nc5 43. Qc6 Ne4 44. Rf3 Qe2 45. Qd5 {[%emt 0:00:00] Repels Nd2} Nf6 (45... Bxb2 $2 46. Rxf7 $18 (46. Rf4 Bg7 $18) (46. Rf4 Bg7 $18)) 46. Qb7 (46. Rxf6 $2 Bxf6 47. Qf5 Bxb2 $19) (46. Qg5 $11 Nd7 (46... Ne4 47. Qd5 $17) 47. Qf5) 46... Rd8 (46... Qe6 $15 47. Rf4 Nd7) 47. Qxa6 Rd1 48. Qc8+ Ne8 49. Qf5 Nd6 ({Not} 49... Bxb2 50. Qxf7+ Kh8 51. Rh3+) 50. Qf4 {[%emt 0:00:00] Hoping for Rxd1. Dancing on a razor blade.} Bxb2 $2 {[%emt 0:00:00] [#] White leaves nothing to chance now.} (50... Be5 $11 51. Qg4+ Bg7) 51. Rxd1 $1 $18 Qxd1+ 52. Rf1 Qd3 53. a6 {[%emt 0:00:00][%mdl 1024] Threatens to win with a7. White has strong compensation.} Bd4 {[%emt 0:00:44] [#]} (53... Be5 {was called for.} 54. Qf3 Qxf3 55. gxf3 (55. Rxf3 Nb5 $16) 55... Nb5) 54. Qg4+ $1 Bg7 55. Rd1 Qa3 56. a7 f5 $2 (56... Qxa7 57. Rxd6 Qe7) 57. Qe2 {[%emt 0:01:52][%cal Od1d6] Strongly threatening Rxd6! White is clearly winning.} Qxa7 58. Rxd6 {[%emt 0:00:10][%mdl 4096] Endgame. KQR-KQB} Qf7 59. Rc6 c3 60. Qc4 Qxc4 61. Rxc4 Kf7 62. Rc7+ Kg6 63. g3 {[%emt 0:00:18] Black must now prevent Kg2.} Be5 (63... f4 $142 64. gxf4 Bf8) 64. Rc6+ Kg5 65. Kg2 {[%emt 0:00:17] Weighted Error Value: White=0.26 (precise) /Black=0.28 (precise) .  Loses game:     	White=1     	Black=1      Missed win:     	---       	Black=1      Mistake:       	White=3     	Black=5      Inaccurate:     	White=2     	Black=3      OK:         	White=18    	Black=18     Best:        	White=5     	Black=4      Strong:       	White=2     	---} 1-0

[Event "45th FIDE Womens Olympiad 2024"]
[Site "Budapest"]
[Date "2024.09.11"]
[Round "1.23"]
[White "Lesbekova, Assel"]
[Black "Gaponenko, Inna"]
[Result "0-1"]
[ECO "B02"]
[WhiteElo "1903"]
[BlackElo "2324"]
[Annotator "ChessBase"]
[PlyCount "78"]
[EventDate "2024.09.05"]
[EventType "team-tourn"]
[EventCountry "HUN"]
[SourceTitle "playchess.com"]
[Source "ChessBase"]
[SourceQuality "1"]
[WhiteTeam "Kyrgyzstan"]
[BlackTeam "Ukraine"]
[WhiteTeamCountry "KGZ"]
[BlackTeamCountry "UKR"]
[TimeControl "40/5400+30:1800+30"]

1. e4 Nf6 2. Nc3 d5 3. exd5 Nxd5 4. Nxd5 Qxd5 5. Qf3 Qxf3 6. Nxf3 Nc6 7. Bb5 Bd7 8. d4 O-O-O 9. c3 f6 10. Be3 e6 11. b4 Bd6 12. Bc4 Ne7 13. O-O Nd5 14. Bd2 g5 15. Rfd1 c6 16. Bb3 g4 17. Ne1 e5 18. Nd3 Bf5 19. c4 Bxd3 20. cxd5 exd4 21. dxc6 Be2 22. Re1 d3 23. b5 Rhe8 24. cxb7+ Kxb7 25. Bd5+ Kb8 26. Bc6 Re5 27. a4 Rf5 28. Ba5 Bc7 29. Bd2 Bb6 30. a5 Bxf2+ 31. Kh1 Bxe1 32. Rxe1 Rd4 33. h3 g3 34. a6 Rdf4 35. Bf3 Bxf3 36. Re8+ Kc7 37. Bxf4+ Rxf4 38. b6+ axb6 39. a7 d2 0-1